 Dungeon Crawl Stone Soup version 0.22-a0-601-gb0ed703 (webtiles) character file.

86 galech the Skirmisher (level 4, -5/49 HPs)
             Began as an Ogre Berserker on July 6, 2018.
             Was a Believer of Trog.
             Killed from afar by Natasha (9 damage)
             ... with a magic dart
             ... on level 3 of the Dungeon.
             The game lasted 00:02:04 (1764 turns).

galech the Skirmisher (Ogre Berserker)              Turns: 1764, Time: 00:02:05

Health: -5/49      AC:  3    Str: 21    XL:     4   Next: 49%
Magic:  13/13      EV: 10    Int:  8    God:    Trog [**....]
Gold:   90         SH:  0    Dex:  9    Spells: 3/3 levels left

rFire    . . .     SeeInvis .   a - +0 mace
rCold    . . .     Gourm    .   (no shield)
rNeg     . . .     Faith    .   b - +0 animal skin
rPois    .         Spirit   .   (helmet restricted)
rElec    .         Reflect  .   (no cloak)
rCorr    .         Harm     .   (gloves unavailable)
MR       .....                  (boots unavailable)
Stlth    +.........             n - amulet of regeneration
HPRegen  0.56/turn              i - ring of magical power
MPRegen  0.13/turn              (no ring)

@: berserk cooldown, slowed, heavily drained, very slow
A: large, unfitting armour, tough skin 1
a: Berserk, Trog's Hand, Renounce Religion


You were on level 3 of the Dungeon.
You worshipped Trog.
Trog was pleased with you.
You were very hungry.

You visited 1 branch of the dungeon, and saw 3 of its levels.

You collected 90 gold pieces.

Inventory:

Hand Weapons
 a - a +0 mace (weapon)
Armour
 b - a +0 animal skin (worn)
Jewellery
 h - an uncursed amulet of harm
 i - a ring of magical power (left hand)
 n - an amulet of regeneration (around neck)
 s - a +4 amulet of reflection {unknown}
Scrolls
 d - 2 scrolls of remove curse {unknown}
 f - a scroll of fog {unknown}
 m - a scroll of teleportation {unknown}
 o - a scroll of random uselessness {unknown}
 q - a scroll of enchant armour {unknown}
 r - a scroll of identify {unknown}
 t - a scroll of blinking {unknown}
Potions
 e - 3 potions of might {unknown}
 g - a potion of flight {unknown}
 j - a potion of berserk rage {unknown}
 k - a potion of resistance {unknown}
 l - a potion of cancellation {unknown}
 p - 2 potions of heal wounds {unknown}
Comestibles
 c - 5 rations


   Skills:
 + Level 4.9(3.2) Fighting
 + Level 3.6(2.0) Maces & Flails
 + Level 3.2(1.7) Dodging
 + Level 0.4(0.0) Stealth


You had 3 spell levels left.
You didn't know any spells.
Your spell library was empty.

Dungeon Overview and Level Annotations

Branches:
Dungeon (3/15)

Altars:

Annotations:
D:2 1 runed door
D:3 Natasha


Innate Abilities, Weirdness & Mutations

You are too large for most types of armour.
You have tough skin. (AC +1)


Message History

Unknown command.
Your skin stops crawling.
You feel less resistant to hostile enchantments.
The bat hits you but does no damage.
The crimson imp disappears in a puff of smoke!
The bat closely misses you. The bat hits you but does no damage.
The bat barely misses you. Natasha claws you!
* * * LOW HITPOINT WARNING * * *
There is a stone staircase leading down, spattered with blood here.
Natasha claws you but does no damage. Natasha barely misses you.
You climb downwards.
A hobgoblin comes into view. It is wielding a club.
Found 11 poisoned needles and 21 bolts.
There is a stone staircase leading up here.
Natasha casts a spell at you.
You feel as though you will be slow longer.
Natasha stares at you and mumbles some strange words.
The magic dart hits you!
You die...

#.....#
#..... +....
#.#.# #.#.###
.###+###.....
......h..#.#
.......<.@(#
.#..#(####.#
.. .# #. ..
.. ... g#
...# ...#
#.##


You could see Natasha.

Vanquished Creatures
  2 gnolls (D:1)
  3 adders (D:2)
  A giant cockroach (D:1)
  8 goblins
  A hobgoblin (D:1)
  7 jackals
  4 bats (D:1)
  4 frilled lizards
  4 kobolds
  4 rats
38 creatures vanquished.

Notes
Turn   | Place    | Note
-------+----------+-------------------------------------------
     0 | D:1      | galech the Ogre Berserker began the quest for the Orb.
     0 | D:1      | Reached XP level 1. HP: 24/24 MP: 1/1
   171 | D:1      | Reached XP level 2. HP: 30/32 MP: 2/2
   414 | D:1      | Reached XP level 3. HP: 26/40 MP: 3/3
  1058 | D:2      | Reached XP level 4. HP: 49/49 MP: 4/4
  1249 | D:2      | Reached ** piety under Trog
  1525 | D:2      | Found a runed door.
  1740 | D:2      | Noticed Natasha
  1760 | D:2      | HP: 1/49 [Natasha (8)]
  1764 | D:3      | Killed from afar by Natasha

Vault maps used:
D:1:      dpeg_arrival_rooms_with_view
D:2:      first_ration, uniq_sigmund, uniq_natasha, uniq_crazy_yiuf_cottage
D:3:      lemuel_doored_altar, uniq_ijyb

Skill      XL: |  1  2 |
---------------+-------+-----
Maces & Flails | 3 |  3.6
Dodging        | 3 |  3.2
Fighting       | |  4.9
Stealth        | |  0.4

Action                   |  1- 3 |  4- 6 || total
-------------------------+-------+-------++-------
Melee: Mace              |    84 |    42 ||   126
Invok: Berserk           |     3 |     2 ||     5
       Trog's Hand       |       |     1 ||     1
  Eat: Chunk             |     3 |     4 ||     7
Armor: Animal skin       |    27 |    23 ||    50
Dodge: Dodged            |    49 |    35 ||    84

Table legend:
 A = Spawn XP
 B = Non-spawn XP
 C = Spawn XP percentage of total XP
 D = Spawn monster count
 E = Non-spawn monster count
 F = Spawn count percentage of total count
 G = Total turns spent on level
                    A         B        C        D         E        F      G
               +---------+---------+-------+---------+---------+-------+---------
         Total |       0 |     123 |   0.0 |       0 |      38 |   0.0 |  1764
               +---------+---------+-------+---------+---------+-------+---------
           D:1 |       0 |      67 |   0.0 |       0 |      24 |   0.0 |  1180
           D:2 |       0 |      56 |   0.0 |       0 |      14 |   0.0 |   582
               +---------+---------+-------+---------+---------+-------+---------
